 Dungeon Crawl Stone Soup version 0.26.1-2-gb8aa6d0cf2 (webtiles) character file.

Game seed: 16623655622698082117

53671 Goaboa the Unseen (level 14, -5/75 (78) HPs)
             Began as a Spriggan Enchanter on Feb 18, 2021.
             Was a High Priest of Sif Muna.
             Killed by an exploding an orc wizard (35 damage)
             ... exploding inner flame
             ... on level 1 of the Orcish Mines.
             The game lasted 03:15:50 (25063 turns).

Goaboa the Unseen (Spriggan Enchanter)             Turns: 25063, Time: 03:15:52

HP:   -5/75 (78)    AC:  9    Str:  4    XL:     14   Next: 31%
MP:   32/39         EV: 19    Int: 19    God:    Sif Muna [*****.]
Gold: 699           SH:  5    Dex: 19    Spells: 5/36 levels left

rFire    . . .     SeeInvis +   (weapon currently unavailable)
rCold    . . .     Faith    .   (shield currently unavailable)
rNeg     . . .     Spirit   .   (armour currently unavailable)
rPois    +         Reflect  +   (helmet currently unavailable)
rElec    .         Harm     .   (cloak currently unavailable)
rCorr    .         Rampage  .   (gloves unavailable)
Will     ++...                  (boots unavailable)
Stlth    +++++++...             j - amulet of reflection
HPRegen  0.22/turn              h - +4 ring of slaying
MPRegen  0.26/turn              e - ring of magical power

@: hydra-form, lightly drained
A: very large, unfitting armour, see invisible
a: End Transformation, Renounce Religion, Channel Magic, Forget Spell, Divine
Exegesis


You were on level 1 of the Orcish Mines.
You worshipped Sif Muna.
Sif Muna was extremely pleased with you.
You were a six-headed hydra.
You visited 3 branches of the dungeon, and saw 19 of its levels.
You also visited: Volcano.

You collected 1345 gold pieces.
You spent 646 gold pieces at shops.

Inventory:

Hand Weapons
 t - a +3 dagger of speed (melded)
 y - a +2 dagger of venom
Armour
 a - a +2 robe of willpower (melded)
 l - the +3 hat of Pondering (melded) {ponderous, Will+ MP+10 Int+5}
   (You bought it in a shop on level 9 of the Dungeon)

   It affects your intelligence (+5).
   It affects your willpower, your defense against some magical effects.
   It affects your magic capacity (+10).
 r - a +1 robe of fire resistance
 L - a +2 cloak (melded)
 M - a +3 buckler (melded)
 X - a +0 cloak of fire resistance
Jewellery
 c - an uncursed ring of willpower
 e - a ring of magical power (right foreclaw)
 h - a +4 ring of slaying (left foreclaw)
 j - an amulet of reflection (around neck)
 I - an uncursed ring of magical power
 J - an uncursed ring of resist corrosion
Wands
 b - a wand of enslavement (7)
 d - a wand of flame (26)
 C - a wand of random effects (43)
 D - a wand of polymorph (23)
 P - a wand of paralysis (15)
 R - a wand of iceblast (1)
 T - a wand of digging (1)
 Z - a wand of disintegration (10)
Scrolls
 g - 7 scrolls of remove curse
 m - a scroll of immolation
 n - 3 scrolls of magic mapping
 o - a scroll of torment {unknown}
 q - a scroll of blinking
 s - 5 scrolls of amnesia
 u - 7 scrolls of teleportation
 G - a scroll of fear
 U - a scroll of holy word {unknown}
 W - a scroll of fog
Potions
 f - 4 potions of lignification
 i - a potion of magic {unknown}
 k - 3 potions of brilliance
 p - 3 potions of haste
 v - 2 potions of resistance
 w - 7 potions of mutation
 x - 5 potions of ambrosia {unknown}
 A - 4 potions of curing
 B - 4 potions of heal wounds
 K - a potion of might
 O - 4 potions of berserk rage {unknown}
Miscellaneous
 V - a lightning rod (4/4)


   Skills:
 + Level 0.9 Fighting
 - Level 10.0 Short Blades
 + Level 15.6 Dodging
 + Level 17.0 Stealth
 + Level 11.8 Spellcasting
 + Level 11.8 Hexes
 + Level 12.9 Transmutations
 - Level 6.0 Evocations


You had 5 spell levels left.
You knew the following spells:

 Your Spells              Type           Power        Failure   Level
a - Corona                Hex            60%          1%          1
b - Ensorcelled Hibernat  Hex/Ice        66%          1%          2
c - Confusing Touch       Hex            54%          1%          3
d - Tukima's Dance        Hex            54%          1%          3
e - Hydra Form            Tmut           28%          4%          6
f - Dazzling Flash        Conj/Hex       66%          1%          3
g - Cause Fear            Hex            27%          1%          4
h - Invisibility          Hex            54%          8%          6
s - Spider Form           Tmut/Pois      17%          1%          3

Your spell library contained the following spells:

 Spells                   Type           Power        Failure   Level
 Beastly Appendage        Tmut           100%         1%          1
 Sting                    Tmut/Pois      100%         1%          1
 Slow                     Hex            54%          1%          2
 Wereblood                Tmut           57%          1%          2
 Summon Guardian Golem    Hex/Summ       33%          1%          3
 Blade Hands              Tmut           28%          1%          5
 Yara's Violent Unravell  Hex/Tmut       27%          1%          5
 Ignite Poison            Fire/Tmut/Pois 27%          3%          3
 Ice Form                 Ice/Tmut       35%          4%          4
 Fulminant Prism          Conj/Hex       16%          5%          4
 Leda's Liquefaction      Hex/Erth       16%          5%          4
 Foxfire                  Conj/Fire      44%          6%          1
 Freeze                   Ice            44%          6%          1
 Magic Dart               Conj           44%          6%          1
 Summon Small Mammal      Summ           44%          6%          1
 Call Imp                 Summ           11%          10%         2
 Poisonous Vapours        Pois/Air       22%          10%         2
 Searing Ray              Conj           22%          10%         2
 Irradiate                Conj/Tmut      17%          12%         5
 Metabolic Englaciation   Hex/Ice        16%          16%         5
 Silence                  Hex/Air        16%          16%         5
 Call Canine Familiar     Summ           11%          19%         3
 Frozen Ramparts          Ice            22%          19%         3
 Mephitic Cloud           Conj/Pois/Air  11%          19%         3
 Ozocubu's Armour         Ice            11%          19%         3
 Hailstorm                Conj/Ice       11%          52%         4
 Iskenderun's Mystic Bla  Conj/Tloc      11%          52%         4
 Olgreb's Toxic Radiance  Pois           11%          52%         4
 Summon Ice Beast         Ice/Summ       11%          52%         4
 Summon Lightning Spire   Summ/Air       11%          52%         4
 Lightning Bolt           Conj/Air       5%           86%         5
 Dragon Form              Tmut           28%          26%         7
 Statue Form              Tmut/Erth      23%          54%         6
 Freezing Cloud           Conj/Ice/Air   5%           100%        6
 Lehudib's Crystal Spear  Conj/Erth      5%           100%        8


Dungeon Overview and Level Annotations

Branches:
Dungeon (11/15)            Temple (0/1) D:6            Lair (6/6) D:9
 Shoals (0/4) Lair:4        Snake (0/4) Lair:2        Slime (0/5) Lair:6
    Orc (2/2) D:11        Volcano (visited)
    Elf: Orc:2

Altars:
Ashenzari
Cheibriados
Dithmenos
Qazlal
Sif Muna
Trog
Vehumet
Jiyva

Shops:
D:6 [   D:7 =   D:8 (   D:9 [   D:10 =!

Annotations:
D:11 3 runed translucent doors, CryoSword's ghost, journeyman OgCK
Lair:2 Gastronok
Lair:6 3 runed translucent doors, Quickbrownfox's ghost, journeyman MiMo


Innate Abilities, Weirdness & Mutations

You are very small and have problems with some larger weapons.
You are too small for most types of armour.
You have supernaturally acute eyesight. (SInv)
((You cover ground extremely quickly.))


Message History

There is a stone staircase leading down here.
You barely miss the orc wizard.
You nip at the orc but do no damage.
You nip at the orc wizard.
The orc wizard hits you but does no damage.
The orc wizard completely misses you. The orc hits you.
The orc wizard hits you with a +0 dagger.
You bite the orc wizard!
Flame seeps out of the orc wizard.
The orc wizard is almost dead.
You bite the orc wizard!
You devour the orc wizard!
You feel better.
You kill the orc wizard!
Sif Muna accepts your kill.
You nip at the orc.
The orc wizard is engulfed in blazing flames.
Sif Muna accepts your kill.
The orc wizard explodes!
The fiery explosion engulfs the orc!!!
You kill the orc!
Sif Muna accepts your kill. The fiery explosion engulfs you!!
You die...

##...# #....#
###..### #.....#.
### ####....
#.#### ###.>
###....## ##..
#......§## #...
###......D○## ##..
#........§.§## ##.
####....[....#.#
##
##..#....#)...###
#
#..#....###.....##
##.#....####...<.#
###
###....#.......##
####.###
###........###
##.#....##
#......).#
###........##


There were no monsters in sight!

Vanquished Creatures
  Rupert (Lair:4)
  A dire elephant (Lair:6)
  Josephine (Lair:5)
  Harold (D:9)
  5 hydras
  A catoblepas (Lair:6)
  4 death yaks (Lair:6)
  A deep troll shaman (Lair:6)
  An orc high priest (Orc:1)
  A sun demon (Volcano)
  Nergalle (Lair:3)
  Sonja (Lair:5)
  A wolf spider zombie (D:11)
  Pikel (D:4)
  2 orc sorcerers
  3 ugly things
  A manticore (D:11)
  Maurice (D:8)
  A merfolk siren (Lair:4)
  A centaur zombie (D:11)
  11 elephants
  A torpor snail (Lair:6)
  A gargoyle (D:10)
  18 cane toads
  10 komodo dragons
  3 rime drakes
  2 red devils (Volcano)
  2 trolls (Orc:1)
  7 polar bears
  2 merfolk
  Grinder (D:3)
  A queen bee (Orc:1)
  4 blink frogs (Lair:4)
  Sigmund (D:5)
  A shadow (D:11)
  A water elemental (D:11)
  6 wraiths
  2 basilisks
  2 wyverns
  45 yaks
  A steam dragon (Lair:5)
  6 wargs
  A naga (Lair:2)
  A soldier ant (D:9)
  7 water moccasins
  A hell hound (Volcano)
  4 sky beasts
  11 orc warriors
  2 ice beasts (D:8)
  2 necrophages
  2 black bears
  10 ogres
  8 centaurs
  19 wolves
  A big kobold (D:11)
  9 bullfrogs
  2 gnoll sergeants
  24 killer bees (Orc:1)
  2 scorpions
  9 wights (D:9)
  3 electric eels
  A howler monkey (D:4)
  A quasit (D:9)
  A bullfrog zombie (D:5)
  6 hounds
  A jelly (D:9)
  9 orc priests
  3 bullfrog skeletons
  18 orc wizards
  2 iguanas
  Ijyb (D:4)
  6 worker ants
  2 hound skeletons
  3 worker ant zombies
  16 gnolls
  A howler monkey skeleton (D:11)
  13 adders
  A shadow imp (D:6)
  2 white imps
  2 ufetubi
  2 oozes
  An adder zombie (D:6)
  2 worms
  10 dart slugs
  5 leopard geckos
  51 orcs
  6 bats
  6 giant cockroaches
  5 goblins
  10 hobgoblins
  21 jackals
  10 kobolds
  3 quokkas
  3 ball pythons
  3 frilled lizards
  A leopard gecko skeleton (D:4)
  A leopard gecko zombie (D:7)
  6 rats
511 creatures vanquished.

Vanquished Creatures (collateral kills)
  A merfolk siren (Lair:4)
  A naga (Lair:2)
  A sky beast (D:11)
  An ogre (D:6)
  A wight (D:9)
  An orc priest (D:9)
  An orc wizard (D:8)
  An iguana (D:9)
  3 gnolls
  4 orcs
  A quokka skeleton (D:4)
16 creatures vanquished.

Vanquished Creatures (others)
  9 dancing weapons
  26 fungi
  47 plants
82 creatures vanquished.

Grand Total: 609 creatures vanquished

Notes
Turn   | Place    | Note
-------+----------+-------------------------------------------
     0 | D:1      | Goaboa the Spriggan Enchanter began the quest for the Orb.
     0 | D:1      | Reached XP level 1. HP: 9/9 MP: 5/5
  1074 | D:1      | Reached XP level 2. HP: 13/13 MP: 6/6
  1077 | D:1      | Learned a level 2 spell: Ensorcelled Hibernation
  1842 | D:2      | Reached XP level 3. HP: 16/16 MP: 8/8
  1851 | D:2      | Learned a level 3 spell: Tukima's Dance
  2007 | D:2      | You fall into a shaft and drop 1 floor!
  2287 | D:3      | Reached skill level 5 in Stealth
  2390 | D:3      | Reached XP level 4. HP: 15/21 MP: 7/10
  2979 | D:2      | Reached XP level 5. HP: 24/24 MP: 11/11
  3822 | D:3      | Reached skill level 6 in Stealth
  3984 | D:3      | Noticed Grinder
  4007 | D:3      | Killed Grinder
  4008 | D:3      | Reached skill level 5 in Dodging
  4008 | D:3      | Reached skill level 5 in Hexes
  4008 | D:3      | Reached XP level 6. HP: 21/28 MP: 13/13
  4216 | D:3      | Learned a level 3 spell: Confusing Touch
  4418 | D:4      | Noticed Pikel
  4693 | D:4      | Reached skill level 1 in Evocations
  4703 | D:4      | Reached XP level 7. HP: 32/32 MP: 15/15
  4822 | D:4      | Killed Pikel
  4823 | D:4      | Reached skill level 7 in Stealth
  4823 | D:4      | Reached skill level 5 in Spellcasting
  4861 | D:4      | Reached XP level 8. HP: 36/36 MP: 16/17
  4934 | D:4      | Noticed Ijyb
  4953 | D:4      | Killed Ijyb
  5545 | D:5      | Entered Level 5 of the Dungeon
  5641 | D:5      | Reached skill level 8 in Stealth
  5792 | D:5      | Noticed Sigmund
  5820 | D:5      | Killed Sigmund
  6164 | D:5      | Reached skill level 5 in Short Blades
  6221 | D:5      | Found a radiant altar of Vehumet.
  6375 | D:5      | Found a stormy altar of Qazlal.
  6752 | D:6      | Found a shimmering blue altar of Sif Muna.
  6757 | D:6      | Became a worshipper of Sif Muna the Loreminder
  6765 | D:6      | Identified Sif Muna's Collected Works on the Harmful Blaze
  6941 | D:7      | Found a shadowy altar of Dithmenos.
  6955 | D:6      | Found Luomaba's Armour Shop.
  7223 | D:6      | Found a staircase to the Ecumenical Temple.
  7303 | D:6      | Found a broken altar of Ashenzari.
  7327 | D:6      | Reached * piety under Sif Muna
  7604 | D:6      | Reached XP level 9. HP: 39/39 MP: 19/19
  7652 | D:6      | Found a snail-covered altar of Cheibriados.
  7719 | D:6      | Reached skill level 9 in Stealth
  7929 | D:7      | Reached skill level 5 in Evocations
  8497 | D:7      | Found Fichiu Buvo's Jewellery Emporium.
  8747 | D:7      | Learned a level 3 spell: Spider Form
  9000 | D:8      | Noticed Maurice
  9003 | D:8      | Killed Maurice
  9004 | D:8      | Reached skill level 1 in Transmutations
  9194 | D:8      | Reached ** piety under Sif Muna
  9195 | D:8      | Reached skill level 10 in Stealth
  9635 | D:8      | Found Adynuck's Weapon Emporium.
  9750 | D:8      | Found a bloodstained altar of Trog.
 10072 | D:9      | Reached XP level 10. HP: 44/44 MP: 2/21
 10304 | D:9      | Noticed Harold
 10630 | D:9      | Found a snail-covered altar of Cheibriados.
 10630 | D:9      | Found Cheibriados's Comfort Zone.
 11037 | D:9      | Found a staircase to the Lair.
 11085 | D:9      | Reached *** piety under Sif Muna
 11086 | D:9      | Reached skill level 11 in Stealth
 11367 | D:9      | Reached skill level 5 in Transmutations
 11444 | D:9      | Reached skill level 10 in Dodging
 11769 | D:9      | Killed Harold
 12291 | D:10     | Entered Level 10 of the Dungeon
 12369 | D:10     | Reached XP level 11. HP: 21/47 MP: 22/22
 12554 | D:10     | Found Esty's Jewellery Boutique.
 12630 | D:10     | Found Reudwuyne's Distillery.
 12647 | D:10     | Reached skill level 12 in Stealth
 12653 | D:10     | Bought a potion of heal wounds for 75 gold pieces
 13373 | D:11     | Reached **** piety under Sif Muna
 14099 | D:11     | Noticed a brown ugly thing
 14124 | D:11     | Killed a brown ugly thing
 14187 | D:11     | Reached skill level 10 in Hexes
 14276 | D:11     | Found a runed translucent gate.
 14277 | D:11     | Found a runed translucent gate.
 14278 | D:11     | Found a runed translucent gate.
 14278 | D:11     | Noticed CryoSword's ghost (journeyman OgCK)
 14281 | D:11     | Found a viscous altar of Jiyva.
 14370 | D:11     | Found a staircase to the Orcish Mines.
 14930 | Lair:1   | Entered Level 1 of the Lair of Beasts
 15062 | D:9      | Bought the +3 hat of Pondering {ponderous, Will+ MP+10
                  | Int+5} for 571 gold pieces
 15062 | D:9      | Found the +3 hat of Pondering {ponderous, Will+ MP+10
                  | Int+5}
 15193 | Lair:1   | Reached skill level 13 in Stealth
 16035 | Lair:2   | Reached ***** piety under Sif Muna
 16078 | Lair:2   | Noticed a seven-headed hydra
 16100 | Lair:2   | Killed a seven-headed hydra
 16141 | Lair:2   | Found a staircase to the Snake Pit.
 16210 | Lair:2   | Identified Xotapojoth's Reference Book on Hurtful
                  | Execration (Sif Muna gifted it to you on level 2 of the
                  | Lair of Beasts)
 16210 | Lair:2   | Received a gift from Sif Muna
 16295 | Lair:2   | Noticed Gastronok
 16860 | Lair:2   | Reached XP level 12. HP: 51/51 MP: 24/24
 17148 | Lair:3   | Learned a level 6 spell: Hydra Form
 17263 | Lair:3   | Learned a level 3 spell: Dazzling Flash
 17296 | Lair:3   | Noticed Nergalle
 17314 | Lair:3   | Killed Nergalle
 17989 | Lair:4   | Reached skill level 10 in Short Blades
 17989 | Lair:4   | Reached skill level 14 in Stealth
 17999 | Lair:4   | Noticed a four-headed hydra
 18041 | Lair:4   | Killed a four-headed hydra
 18130 | Lair:4   | Reached skill level 10 in Transmutations
 18350 | Lair:4   | Found a dark tunnel.
 18360 | Volcano  | Entered a volcano
 18673 | Lair:4   | Noticed Rupert
 18694 | Lair:4   | Noticed a seven-headed hydra
 18728 | Lair:4   | Killed Rupert
 18729 | Lair:4   | Reached skill level 15 in Stealth
 18796 | Lair:4   | Reached XP level 13. HP: 40/55 MP: 27/27
 18799 | Lair:4   | Reached skill level 10 in Spellcasting
 18918 | Lair:4   | Found a staircase to the Shoals.
 19913 | Lair:5   | Noticed Sonja
 19928 | Lair:5   | Killed Sonja
 19928 | Lair:5   | Received a gift from Sif Muna
 20413 | Lair:5   | Noticed Josephine
 20419 | Lair:5   | Killed Josephine
 20985 | Lair:6   | Entered Level 6 of the Lair of Beasts
 21000 | Lair:6   | Found a staircase to the Slime Pits.
 21019 | Lair:6   | Found a runed translucent gate.
 21019 | Lair:6   | Found a runed translucent gate.
 21019 | Lair:6   | Found a runed translucent gate.
 21022 | Lair:6   | Noticed Quickbrownfox's ghost (journeyman MiMo)
 21032 | Lair:6   | Reached skill level 16 in Stealth
 21635 | Lair:6   | Reached skill level 15 in Dodging
 22437 | Lair:6   | Reached XP level 14. HP: 59/59 MP: 30/30
 23229 | Lair:6   | Identified Sif Muna's Collected Works on Execration
 23236 | Lair:6   | Learned a level 4 spell: Cause Fear
 23241 | Lair:6   | Got a pitted arbalest
 23250 | Lair:6   | Identified the +5 arbalest of Maty {elec, rC+ Will+ Int+2
                  | Dex-2} (You found it on level 6 of the Lair of Beasts)
 23536 | Orc:1    | Entered Level 1 of the Orcish Mines
 23622 | Orc:1    | Identified Sif Muna's Catalogue of Captivating Conjuration
                  | (Sif Muna gifted it to you on level 1 of the Orcish Mines)
 23622 | Orc:1    | Received a gift from Sif Muna
 24204 | Orc:1    | Learned a level 6 spell: Invisibility
 24600 | Orc:1    | Reached skill level 17 in Stealth
 25023 | Orc:2    | Entered Level 2 of the Orcish Mines
 25063 | Orc:1    | Killed by an exploding an orc wizard... exploding inner
                  | flame

Illustrated notes

Levels and vault maps discovered:
D:1:      dpeg_arrival_round_c, layout_basic, minmay_tetromino_o4
D:2:      layout_loops_ring
D:3:      kennysheep_slugbush, layout_loops_ring, st_stairs_1, uniq_grinder
D:4:      layout_basic, minmay_cut_off, uniq_ijyb, uniq_pikel
D:5:      layout_loops_corners, lemuel_round_altar,
          nicolae_overflow_crystal_walls, uniq_sigmund
D:6:      minmay_octagon_keep, layout_loops_cross, ashenzari_altar_1,
          kennysheep_slug_shrine, led_sif_book, minmay_temple_entry_statues,
          serial_shops, nicolae_shop_crystal
D:7:      layout_layer_cave, serial_shops, shop,
          grunt_dithmenos_smoke_and_mirrors
D:8:      lemuel_ice_spiral_2, layout_rooms, bloody_trog, serial_shops, shop,
          uniq_maurice
D:9:      layout_irregular_city, lair_entry_dummy, minmay_misc_feat_ornament,
          minmay_shop_chei, uniq_harold
D:10:     layout_basic, serial_shops, kennysheep_little_box,
          nicolae_shop_statue_plus
D:11:     layout_cave_pools, minmay_orc_entry_guard_dogs, gammafunk_ghost_ooze,
          nrook_pool_corridor, minmay_microvault
Lair:1:   layout_chaotic_city, grunt_megastairs_4
Lair:2:   beast_lair_carwin_large_4, layout_regular_city,
          guppyfry_snake_entry_island, grunt_forest_stairs_basic, uniq_gastronok
Lair:3:   layout_misc_corridors, minmay_holes, grunt_forest_small_clearings,
          grunt_megastairs_3, infiniplex_staircase_pool, uniq_nergalle
Lair:4:   layout_regular_city, elwin_shoals_entry_stream,
          lightli_volcano_entry_magma_tube, beast_lair_carwin_6,
          infiniplex_staircase_pool_2, uniq_rupert
Lair:5:   layout_small_grid, fungi_pond_lemuel, serial_bayou_lagoon_b,
          uniq_sonja, uniq_josephine
Lair:6:   grunt_lair_end_beastmaster, layout_cave_pods, slime_dummy,
          gammafunk_ghost_hydra_chop
Orc:1:    layout_diamond_mine, special_room [special_room_bee]
Orc:2:    pf_orc_diabolical, layout_caves

Skill      XL: |  1  2  3  4  5  6  7  8  9 10 11 12 13 14 |
---------------+-------------------------------------------+-----
Spellcasting   | 3 4 5 6 7 9 11 | 11.8
Hexes          | 4 5 6 8 9 10 11 | 11.8
Stealth        | 5 6 7 8 10 11 13 15 16 17 | 17.0
Short Blades   | 2 3 4 5 6 8 9 10 | 10.0
Dodging        | 4 5 6 7 9 10 12 13 15 | 15.6
Evocations     | 1 2 4 5 6 |  6.0
Transmutations | 3 6 8 11 12 | 12.9
Fighting       | |  0.9

Action                   |  1- 3 |  4- 6 |  7- 9 | 10-12 | 13-15 || total
-------------------------+-------+-------+-------+-------+-------++-------
Melee: Dagger            |    56 |   103 |   246 |   352 |   318 ||  1075
       Unarmed           |       |       |       |    41 |    72 ||   113
 Cast: Corona            |     7 |     1 |       |       |       ||     8
       Ensorcelled Hiber |    34 |    40 |    88 |   189 |   128 ||   479
       Tukima's Dance    |     2 |     1 |    21 |    34 |    11 ||    69
       Confusing Touch   |       |     1 |    21 |    38 |    23 ||    83
       Spider Form       |       |       |       |     5 |     1 ||     6
       Dazzling Flash    |       |       |       |       |    26 ||    26
       Hydra Form        |       |       |       |       |     5 ||     5
Evoke: Wand              |       |       |     2 |    17 |     9 ||    28
       Lightning rod     |       |       |       |     1 |     3 ||     4
  Use: Scroll            |     2 |     4 |     9 |    19 |     7 ||    41
       Potion            |       |     2 |     2 |     3 |     1 ||     8
 Stab: Sleeping          |    22 |    37 |    63 |   111 |    79 ||   312
       Confused          |       |       |    16 |    34 |    22 ||    72
       Distracted        |       |       |       |     1 |       ||     1
       Invisible         |       |       |       |       |    29 ||    29
       Petrifying        |       |       |       |       |     1 ||     1
       Petrified         |       |       |       |       |     1 ||     1
Armor: Robe              |     6 |     6 |     6 |    14 |    13 ||    45
       Skin              |       |       |       |       |    25 ||    25
Dodge: Dodged            |    46 |    32 |    88 |   224 |   341 ||   731
Block: Other             |     3 |    11 |    36 |    14 |    34 ||    98
       Reflection        |       |     2 |     1 |    21 |     5 ||    29
       Buckler           |       |       |       |   101 |   138 ||   239
